 Dungeon Crawl Stone Soup version 0.31.0-1-g2c135a008e (webtiles) character file.

Game seed: 17380855413011440884

18493975 zdzicho121 the Slayer (level 27, 212/212 HPs)
             Began as a Gargoyle Earth Elementalist on Jan 20, 2024.
             Was the Champion of Vehumet.
             Escaped with the Orb
             ... and 15 runes!
             The game lasted 03:21:24 (83452 turns).

zdzicho121 the Slayer (GrEE)                       Turns: 83452, Time: 03:21:25

Health: 212/212    AC: 31    Str: 22    XL:     27
Magic:  72/72      EV: 22    Int: 36    God:    Vehumet [******]
Gold:   13554      SH: 21    Dex: 14    Spells: 4/74 levels left

rFire   + + .        f - staff "Raoceen" {^Fragile rN+ Will++ SInv Necro Ice}
rCold   + + .        F - +5 kite shield {reflect}
rNeg    + + +        O - +4 robe of Augmentation {Str+4 Int+4 Dex+4}
rPois   ∞            d - -2 hat of the Alchemist {rElec rPois rF+ rC+ rN+ Will+ rMut rCorr}
rElec   +            w - scarf "Rozxieru" {+Inv, rPois Regen+ MP+9}
rCorr   +            R - +0 pair of gloves "Hunwuw" {Str+2 Int+5}
SInv    +            h - +1 pair of boots of Gafiops {rC+ Str+3}
Will    +++++        t - amulet of Vitality {RegenMP++ Regen++}
Stlth   +++          c - ring "Liumo" {rPois MP+9 SInv Stlth+}
HPRegen 2.95/turn    a - ring of Balance {Wiz rF+ MP+9 Dex-2}
MPRegen 1.23/turn

%: reflection, resist mutation, wizardry (x1)
@: flying, studying 2 skills
A: sickness immunity, AC +20, big wings, negative energy resistance 1,
electricity resistance, torment resistance 1, petrification resistance, low MP
1, robust 1, subdued magic 1
0: Orb of Zot
}: 15/15 runes: decaying, serpentine, slimy, silver, golden, iron, obsidian,
icy, bone, abyssal, demonic, glowing, magical, fiery, dark
a: Renounce Religion, Evoke Invisibility


You escaped.
You worshipped Vehumet.
Vehumet was exalted by your worship.
You visited 18 branches of the dungeon, and saw 88 of its levels.
You visited Pandemonium 1 time, and saw 23 of its levels.
You visited the Abyss 1 time.
You also visited: Trove, Ice Cave, Volcano and Desolation.

You collected 16471 gold pieces.
You spent 2917 gold pieces at shops.

Inventory:

Missiles
 K - 15 silver javelins
Armour
 d - the -2 hat of the Alchemist (worn) {rElec rPois rF+ rC+ rN+ Will+ rMut rCorr}
   (You found it on level 3 of the Depths)

   rF+:       It protects you from fire.
   rC+:       It protects you from cold.
   rElec:     It insulates you from electricity.
   rPois:     It protects you from poison rN+: It protects you from negative
   energy.
   Will+:     It increases your willpower.
   rCorr:     It protects you from acid and corrosion.
   rMut:      It protects you from mutation.
 h - the +1 pair of boots of Gafiops (worn) {rC+ Str+3}
   (You found it in the Desolation of Salt)

   Str+3:     It affects your strength (+3).
   rC+:       It protects you from cold.
 w - the scarf "Rozxieru" (worn) {+Inv, rPois Regen+ MP+9}
   (You bought it in a shop on level 4 of the Depths)

   rPois:     It protects you from poison MP+9: It affects your magic capacity
   (+9).
   Regen+:    It increases your rate of health regeneration.
 F - a +5 kite shield of reflection (worn)
 N - the +5 pair of boots "Jofrubit" {rPois rF+ Str+3 Int-3}
   (You found it in a treasure trove)

   Str+3:     It affects your strength (+3).
   Int-3:     It affects your intelligence (-3).
   rF+:       It protects you from fire.
   rPois:     It protects you from poison
 O - the +4 robe of Augmentation (worn) {Str+4 Int+4 Dex+4}
   (You found it on level 3 of the Elven Halls)

   Str+4:     It affects your strength (+4).
   Int+4:     It affects your intelligence (+4).
   Dex+4:     It affects your dexterity (+4).
 R - the +0 pair of gloves "Hunwuw" (worn) {Str+2 Int+5}
   (You found it in a treasure trove)

   Str+2:     It affects your strength (+2).
   Int+5:     It affects your intelligence (+5).
Magical Staves
 f - the staff "Raoceen" (weapon) {^Fragile rN+ Will++ SInv Necro Ice}
   (You took it off a necromancer on level 3 of the Crypt)

   [staff of death]

   Base accuracy: +5 Base damage: 5 Base attack delay: 1.2 This weapon's minimum
   attack delay (0.6) is reached at skill level 12.
   rN+:       It protects you from negative energy.
   Will++:    It greatly increases your willpower.
   SInv:      It lets you see invisible.
   ^Fragile:  It will be destroyed if unequipped.
   Necro:     It increases the power of your Necromancy spells.
   Ice:       It increases the power of your Ice spells.
   It falls into the 'Staves' category.
   It is a one-handed weapon.
Jewellery
 a - the ring of Balance (right hand) {Wiz rF+ MP+9 Dex-2}
   (You bought it in a shop on level 7 of the Dungeon)

   [ring of wizardry]

   Wiz:       It improves your spell success rate.
   Dex-2:     It affects your dexterity (-2).
   rF+:       It protects you from fire.
   MP+9:      It affects your magic capacity (+9).
 c - the ring "Liumo" (left hand) {rPois MP+9 SInv Stlth+}
   (You found it on level 1 of the Vaults)

   [ring of poison resistance]

   rPois:     It protects you from poison MP+9: It affects your magic capacity
   (+9).
   SInv:      It lets you see invisible.
   Stlth+:    It makes you more stealthy.
 p - an amulet of faith
 t - the amulet of Vitality (around neck) {RegenMP++ Regen++}
   (You found it on level 3 of the Tomb of the Ancients)

   [amulet of magic regeneration]

   RegenMP:   It increases your rate of magic regeneration.
   Regen++:   It increases your rate of health regeneration.
 x - an amulet of guardian spirit
 A - the amulet of Jytoif {Faith rF+ Dex+4}
   (You found it in Pandemonium)

   [amulet of faith]

   Faith:     It allows you to gain divine favour quickly.
   Dex+4:     It affects your dexterity (+4).
   rF+:       It protects you from fire.
Wands
 B - a wand of light (65)
 S - a wand of digging (51)
Scrolls
 e - 42 scrolls of identify
 i - 6 scrolls of enchant armour
 k - 12 scrolls of amnesia
 o - 8 scrolls of revelation
 u - 7 scrolls of summoning
 y - 9 scrolls of fear
 E - 19 scrolls of teleportation
 I - 12 scrolls of fog
 T - 8 scrolls of blinking
Potions
 b - 2 potions of magic
 g - 14 potions of enlightenment
 j - 4 potions of heal wounds
 l - 9 potions of lignification
 m - 6 potions of haste
 q - 4 potions of brilliance
 r - 2 potions of resistance
 s - 9 potions of cancellation
 v - 28 potions of curing
 z - 22 potions of might
 G - 6 potions of invisibility
 J - 9 potions of ambrosia
 P - 19 potions of mutation
Miscellaneous
 n - a figurine of a ziggurat
 Z - a phantom mirror


   Skills:
 - Level 25.0 Fighting
 - Level 12.1 Staves
 - Level 14.0 Throwing
 - Level 19.3 Armour
 + Level 21.0 Dodging
 - Level 15.0 Stealth
 - Level 22.0 Shields
 - Level 24.0 Spellcasting
 - Level 8.1 Conjurations
 - Level 10.3 Hexes
 - Level 11.3 Summonings
 - Level 24.0 Necromancy
 - Level 24.0 Ice Magic
 - Level 24.0 Earth Magic
 - Level 14.6 Evocations


You had 4 spell levels left.
You knew the following spells:

 Your Spells              Type           Power      Damage    Failure   Level
a - Sandblast             Erth           100%       2d20      0%          1
b - Stone Arrow           Conj/Erth      100%       3d13      0%          3
c - Freezing Cloud        Conj/Ice/Air   47%        6-21      1%          5
d - Ozocubu's Refrigerat  Ice            64%        4d21      0%          7
e - Lee's Rapid Deconstr  Erth           52%        3d25*     0%          5
f - Polar Vortex          Ice            64%        12d8*     1%          9
g - Shatter               Erth           52%        3d40*     1%          9
h - Lehudib's Crystal Sp  Conj/Erth      44%        10d11     1%          8
i - Death's Door          Necr           64%        N/A       1%          9
j - Spellforged Servitor  Conj/Summ      36%        N/A       1%          7
k - Enfeeble              Hex            37%        N/A       2%          7

Your spell library contained the following spells:

 Spells                   Type           Power      Damage    Failure   Level
 Freeze                   Ice            100%       1d10      0%          1
 Kiss of Death            Conj/Necr      100%       2d13      0%          1
 Magic Dart               Conj           100%       1d8       0%          1
 Necrotise                Necr           100%       1d9       0%          1
 Slow                     Hex            100%       N/A       0%          1
 Call Imp                 Summ           100%       N/A       0%          2
 Ensorcelled Hibernation  Hex/Ice        100%       N/A       0%          2
 Jinxbite                 Hex            100%       N/A       0%          2
 Call Canine Familiar     Summ           77%        N/A       0%          3
 Confusing Touch          Hex            74%        N/A       0%          3
 Dazzling Flash           Conj/Hex       100%       N/A       0%          3
 Frozen Ramparts          Ice            100%       1d16      0%          3
 Fugue of the Fallen      Necr           100%       N/A       0%          3
 Hailstorm                Conj/Ice       100%       3d16      0%          3
 Ozocubu's Armour         Ice            100%       N/A       0%          3
 Passwall                 Erth           100%       N/A       0%          3
 Sigil of Binding         Hex            74%        N/A       0%          3
 Summon Ice Beast         Ice/Summ       100%       N/A       0%          3
 Vampiric Draining        Necr           100%       2d13      0%          3
 Anguish                  Hex/Necr       56%        N/A       0%          4
 Animate Armour           Summ/Erth      100%       N/A       0%          4
 Animate Dead             Necr           100%       N/A       0%          4
 Brom's Barrelling Bould  Conj/Erth      89%        2d10      0%          4
 Dispel Undead            Necr           100%       3d31      0%          4
 Leda's Liquefaction      Alch/Erth      39%        N/A       0%          4
 Martyr's Knell           Necr/Summ      100%       N/A       0%          4
 Petrify                  Alch/Erth      79%        N/A       0%          4
 Apportation              Tloc           66%        N/A       1%          1
 Foxfire                  Conj/Fire      100%       2x1d9     1%          1
 Shock                    Conj/Air       100%       1d9       1%          1
 Sting                    Conj/Alch      100%       1d9       1%          1
 Blink                    Tloc           66%        N/A       1%          2
 Lesser Beckoning         Tloc           66%        N/A       1%          2
 Mercury Vapours          Alch/Air       66%        N/A       1%          2
 Scorch                   Fire           66%        2d7       1%          2
 Gell's Gravitas          Tloc           33%        N/A       1%          3
 Inner Flame              Hex/Fire       58%        N/A       1%          3
 Mephitic Cloud           Conj/Alch/Air  48%        N/A       1%          3
 Swiftness                Air            33%        N/A       1%          3
 Teleport Other           Tloc           33%        N/A       1%          3
 Volatile Blastmotes      Fire/Tloc      66%        2d15      1%          3
 Airstrike                Air            16%        2d(3-19)  1%          4
 Cause Fear               Hex            37%        N/A       1%          4
 Dimensional Bullseye     Hex/Tloc       29%        N/A       1%          4
 Flame Wave               Conj/Fire      54%        2d13      1%          4
 Fulminant Prism          Conj/Alch      27%        3d13      1%          4
 Ignite Poison            Fire/Alch      33%        N/A       1%          4
 Manifold Assault         Tloc           33%        N/A       1%          4
 Olgreb's Toxic Radiance  Alch           33%        N/A       1%          4
 Passage of Golubria      Tloc           33%        N/A       1%          4
 Sticky Flame             Fire/Alch      33%        2d7       1%          4
 Summon Blazeheart Golem  Fire/Summ      59%        N/A       1%          4
 Summon Lightning Spire   Summ/Air       59%        N/A       1%          4
 Vhi's Electric Charge    Tloc/Air       66%        N/A       1%          4
 Borgnjor's Vile Clutch   Necr/Erth      64%        N/A       0%          5
 Curse of Agony           Necr           100%       N/A       0%          5
 Metabolic Englaciation   Hex/Ice        56%        N/A       0%          5
 Death Channel            Necr           64%        N/A       0%          6
 Fireball                 Conj/Fire      27%        3d12      1%          5
 Irradiate                Conj/Alch      27%        3d20      1%          5
 Iskenderun's Battlesphe  Conj           68%        2d12      1%          5
 Silence                  Hex/Air        29%        N/A       1%          5
 Summon Mana Viper        Hex/Summ       76%        N/A       1%          5
 Yara's Violent Unravell  Hex/Alch       29%        3d12      1%          5
 Bombard                  Conj/Erth      44%        9d8       1%          6
 Conjure Ball Lightning   Conj/Air       27%        3x3d8     1%          6
 Sculpt Simulacrum        Ice/Alch       49%        N/A       1%          6
 Starburst                Conj/Fire      27%        6d9       1%          6
 Summon Cactus Giant      Summ           38%        N/A       1%          6
 Haunt                    Necr/Summ      57%        N/A       1%          7
 Monstrous Menagerie      Summ           38%        N/A       1%          7
 Orb of Destruction       Conj           34%        9d10      1%          7
 Summon Hydra             Summ           38%        N/A       1%          7
 Borgnjor's Revivificati  Necr           64%        N/A       1%          8
 Infestation              Necr           64%        N/A       1%          8
 Alistair's Intoxication  Alch           22%        N/A       6%          5
 Eringya's Noxious Bog    Alch           16%        4d6       9%          6
 Plasma Beam              Fire/Air       16%        2x1d28    9%          6
 Summon Horrible Things   Summ           38%        N/A       14%         8
 Malign Gateway           Summ/Tloc      29%        N/A       19%         7
 Discord                  Hex            37%        N/A       21%         8
 Dispersal                Tloc           16%        N/A       32%         6
 Dragon's Call            Summ           38%        N/A       89%         9
 Ignition                 Fire           16%        3d7       94%         8
 Maxwell's Capacitive Co  Air            16%        ∞         94%         8
 Chain Lightning          Conj/Air       27%        3d36      99%         9
 Fire Storm               Conj/Fire      27%        8d7       99%         9
 Disjunction              Tloc           16%        N/A       100%        8
 Cigotuvi's Dreadful Rot  Necr/Alch/Air  Unusable   N/A       N/A         2
 Sublimation of Blood     Necr           Unusable   N/A       N/A         2

Dungeon Overview and Level Annotations

Branches:
Dungeon (15/15)            Temple (1/1) D:7            Lair (5/5) D:11
  Swamp (4/4) Lair:3        Snake (4/4) Lair:3        Slime (5/5) Lair:5
    Orc (2/2) D:11            Elf (3/3) Orc:2        Vaults (5/5) D:13
  Crypt (3/3) Vaults:2       Tomb (3/3) Crypt:3      Depths (4/4) D:15
   Hell (visited)             Dis (7/7) Hell            Geh (7/7) Hell
    Coc (7/7) Hell            Tar (7/7) Hell            Zot (5/5) Depths:4
  IceCv (visited)         Volcano (visited)         Desolation (visited)

Altars:
Ashenzari
Cheibriados
Dithmenos
Elyvilon
Fedhas
Gozag
Hepliaklqana
Kikubaaqudgha
Makhleb
Nemelex Xobeh
Okawaru
Qazlal
Ru
Sif Muna
Trog
Uskayaw
Vehumet
Wu Jian
Xom
Yredelemnul
Zin
The Shining One
Jiyva
Lugonu

Shops:
D:7 =   D:8 :   Orc:2 ?![!?   Elf:2 *[   Depths:1 ?(   Depths:4 [*

Portals:
Hell: Depths:1 Depths:2 Depths:3 Depths:4
Abyss: Depths:2 Depths:3
Pandemonium: Depths:2
Ziggurat: Depths:4


Innate Abilities, Weirdness & Mutations

You are immune to sickness and miasma.
Your stone body is resilient. (AC +20)
You are immune to poison.
Your large and strong wings let you fly.
You resist negative energy. (rN+)
You are resistant to electric shocks. (rElec)
You are resistant to unholy torment.
You are immune to petrification.
Your magical capacity is low. (-10% MP)
You are robust. (+10% HP)
Your spells are a little easier to cast, but a little less powerful.


Message History

Your Dodging skill increases to level 21!
Magic restored.
There is an escape hatch in the floor here.
There is a stone staircase leading up here.
You fly upwards.
There is a stone staircase leading down here.
There is a stone staircase leading up here.
You fly upwards.
There is a stone staircase leading down here.
There is a stone staircase leading up here.
You fly upwards.
There is a stone staircase leading down here.
A sun demon comes into view.
Casting: Lehudib's Crystal Spear (mildly dangerous; 1% risk of failure)
Confirm with . or Enter, or press ? or * to list all spells.
You feel a surge of power!
A great freezing vortex appears around you.
You kill the sun demon!
Vehumet accepts your kill.
You feel your power returning.
The winds around you start to calm down.
Magic restored.
You are engulfed in whirling frost.
The winds around you calm down.
A balrug and 2 sun demons come into view.
The balrug shouts!
The sun demon shouts!
A sun demon comes into view.
The sun demon shouts!
The balrug gestures at you.
The fireball explodes!
The fireball engulfs you! You resist.
There is a stone staircase leading up here.
You fly upwards.
There is a stone staircase leading down here.
HP restored.
A sun demon comes into view.
There is a stone staircase leading up here.
You fly upwards.
There is a stone staircase leading down here.
There is a staircase leading out of the dungeon here.
You have escaped!

#####.......#######.......#
##......###.......###.....
#######....###.............###..
#....##...#......#######......#.
###.##...#.....### ###.....#
#......#....## ##..).#
####..#...#....## ##....#
.....##...#.....### ###.....#
.....###...#....@.#######......#.
.....#.#....###.............###..
.......##......###.......###.....
.....#..###.......#######.......#
.....###..#####.............#####
.....###......##################.
.....##...#.....................)
####.#..###..####..###.##########
##...## ##..###....#.##########


There were no monsters in sight!

Vanquished Creatures
  Cerebov (Pan)
  Asmodeus (Geh:7)
  the Royal Jelly (Slime:5)
  Dissolution (Slime:2)
  Ereshkigal (Tar:7)
  Gloorx Vloq (Pan)
  A seraph (Pan)
  the Serpent of Hell (Tar:7)
  Lom Lobon (Pan)
  Mnoleg (Pan)
  10 dread liches
  Frederick (Crypt:3)
  Dispater (Dis:7)
  6 ancient liches
  3 orbs of fire (Zot:5)
  21 royal mummies
  Boris (thrice) (Depths:2 Depths:4 Tomb:3)
  2 Killer Klowns (Zot:5)
  17 shard shrikes
  9 pandemonium lords
  Saint Roka (Elf:3)
  Geryon (Hell)
  46 caustic shrikes
  4 curse toes
  Margery (Vaults:5)
  8 profane servitors
  17 golden dragons
  Norris (Elf:2)
  23 bone dragons
  11 doom hounds
  2 pearl dragons (Pan)
  16 Tzitzimimeh
  22 Brimstone Fiends
  3 electric golems
  A spectral shard shrike (Tar:4)
  Rupert (D:12)
  27 tentacled monstrosities
  8 iron giants
  22 Hell Sentinels
  29 Ice Fiends
  23 hellephants
  27 Orb Guardians
  14 tainted leviathans
  Jorgrun (D:13)
  12 liches
  A shard shrike skeleton (Tar:7)
  Zenata (Elf:3)
  8 titans
  20 searing wretches
  2 deep elf blademasters (Elf:3)
  2 deep elf master archers (Elf:3)
  A walking divine tome (Depths:3)
  17 acid blobs
  10 quicksilver dragons
  5 death cobs
  28 Executioners
  13 sphinxes
  Frances (Swamp:1)
  2 eldritch tentacles
  6 tentacled starspawn
  26 ancient champions
  Kirke (D:15)
  Donald (Snake:1)
  Aizul (Elf:3)
  A thorn hunter (Swamp:4)
  17 shadow dragons
  9 tengu reavers
  9 storm dragons
  14 daevas (Pan)
  3 revenants
  21 fire giants
  3 fenstrider witches
  14 nagarajas
  18 azure jellies
  12 demonspawn warmongers (Pan)
  8 protean progenitors
  6 draconian knights
  15 narguns
  14 quicksilver elementals
  8 frost giants
  2 emperor scorpions (Pan)
  6 draconian monks
  24 rockslimes
  18 vault wardens
  4 imperial myrmidons (Desolation)
  A deep elf elementalist (Elf:3)
  A caustic shrike zombie (Tomb:3)
  5 iron dragons (Dis:7)
  6 draconian scorchers
  57 balrugs
  5 curse skulls
  4 deep elf sorcerers
  22 reapers
  6 ghost moths
  3 orc warlords
  9 spectral caustic shrikes
  9 draconian shifters
  3 draconian stormcallers
  A juggernaut zombie (Tar:7)
  2 spectral juggernauts
  7 ghouls
  11 shard shrike simulacra
  9 draconian annihilators
  Louise (Snake:1)
  27 angels (Pan)
  9 quicksilver oozes
  22 cacodemons
  2 broodmothers (Zot:1)
  20 demonspawn corrupters (Pan)
  4 juggernaut skeletons
  7 formless jellyfish
  24 ironbound preservers
  15 ophanim (Pan)
  16 stone giants
  11 demonspawn blood saints (Pan)
  15 very ugly things
  5 spriggan defenders
  18 green draconians
  2 caustic shrike skeletons (Pan)
  9 ironbound thunderhulks
  7 deep elf demonologists
  22 elemental wellsprings
  4 eleionomae
  11 lorocyprocas
  3 bunyips
  13 putrid mouths
  9 deep elf death magi
  14 demonspawn black suns (Pan)
  18 bennus
  6 red draconians
  13 yellow draconians
  7 purple draconians
  2 spectral titans
  9 vampire knights
  14 white draconians
  12 black draconians
  2 halazid warlocks (Desolation)
  11 deep elf annihilators
  Azrael (D:13)
  24 apis (Pan)
  39 war gargoyles
  2 spark wasps
  9 dire elephants
  16 wendigos
  23 iron golems
  26 eidola
  Snorg (D:14)
  26 mummy priests
  16 green deaths
  8 jiangshi
  A spectral quicksilver dragon (Tar:4)
  13 ettins
  6 statues (Depths:2)
  26 blizzard demons
  A shambling mangrove (Swamp:4)
  8 crystal guardians
  The ghost of Destapler the Grappler, a journeyman TrSh (Orc:2)
  A kraken zombie (Hell)
  A spectral golden dragon (Tar:7)
  3 entropy weavers
  Josephine (Lair:3)
  12 fire dragons
  3 spriggan zombies
  5 spectral spriggans
  4 deep elf high priests
  13 yaktaur captains
  10 ragged hierophants (Desolation)
  The ghost of Suk Xiy the Grappler, a journeyman DrSh of Yredelemnul (Lair:2)
  Harold (D:11)
  11 hydras
  12 great orbs of eyes
  12 caustic shrike simulacra
  10 salamander tyrants
  12 peacekeepers
  29 vault guards (Vaults:5)
  11 ironbound frosthearts
  9 rakshasas
  12 servants of whispers (Desolation)
  9 ice dragons
  7 hell beasts
  A quicksilver dragon skeleton (Tar:7)
  2 radroaches (Zot:1)
  Erica (D:9)
  A two-headed ogre (shapeshifter) (Depths:2)
  2 ogre magi
  12 spriggan air magi
  4 spriggan skeletons
  7 stokers
  5 ghost crabs
  11 juggernaut simulacra
  10 anacondas
  2 catoblepae
  4 alligators
  10 boulder beetles
  12 centaur warriors
  32 dancing weapons
  3 merfolk aquamancers (Pan)
  3 death knights
  9 deep troll earth magi
  8 two-headed ogres
  19 death yaks
  19 naga warriors
  2 spectral stone giants (Tar:1)
  73 death scarabs
  8 tengu warriors
  4 vampire magi
  A deep troll shaman (Depths:4)
  3 demonic crawlers
  45 hell hogs
  3 spectral dire elephants (Tar:6)
  3 spectral emperor scorpions (Pan)
  9 spriggan berserkers
  3 spectral nagas
  11 shock serpents
  8 naga sharpshooters
  2 orc high priests
  10 thrashing horrors
  Urug (D:11)
  A storm dragon zombie (Tomb:3)
  Sonja (Orc:1)
  13 deep elf knights
  5 occultists
  88 sun demons
  3 hellephant skeletons (Pan)
  38 soul eaters
  3 skysharks (Elf:2)
  7 salamander mystics
  18 spriggans
  2 titan skeletons (Crypt:3)
  7 hell knights
  7 iron trolls
  30 shadow wraiths
  36 skeletal warriors
  14 crystal echidnas
  25 sixfirhies
  7 wretched stars
  10 mana vipers
  A bunyip zombie (Crypt:3)
  2 spectral anacondas (Tar:4)
  18 shadow demons
  5 goliath frogs
  4 sea snakes (Snake:4)
  A spatial maelstrom (Abyss:5)
  14 glowing orange brains
  An iron giant zombie (Tar:7)
  50 deep trolls
  14 swamp dragons
  A deep troll (shapeshifter) (Vaults:5)
  7 flayed ghosts
  8 arcanists
  2 spriggan druids
  A swamp dragon (shapeshifter) (Elf:2)
  20 cherubim (Pan)
  An orange crystal statue (Dis:5)
  7 quicksilver dragon simulacra
  6 sun moths (Pan)
  2 golden dragon zombies
  A mana viper (shapeshifter) (Vaults:5)
  10 deep elf archers
  9 lindwurms
  A fenstrider witch simulacrum (Coc:2)
  13 orc knights
  8 bog bodies
  7 naga ritualists
  A harpy (Vaults:2)
  2 spectral hydras
  24 phantasmal warriors
  25 ironbound convokers
  3 anaconda skeletons
  8 spriggan simulacra
  27 deep elf pyromancers
  Pikel (D:6)
  An oklob plant (Lair:1)
  2 steelbarb worms (shapeshifter)
  2 stone giant zombies (Crypt:3)
  26 deep elf zephyrmancers
  18 necromancers
  2 wolf spiders (Lair:5)
  6 shining eyes
  12 cyclopes
  3 manticores
  6 orc sorcerers
  25 ugly things
  5 will-o-the-wisps
  A shadow dragon skeleton (Crypt:1)
  30 large abominations
  20 moths of wrath
  17 salamanders
  A spectral ettin (Tar:2)
  3 worldbinders
  A black mamba (shapeshifter) (D:13)
  An iron dragon skeleton (Tar:7)
  A faun (shapeshifter) (D:15)
  A moth of wrath (shapeshifter) (D:14)
  3 Executioner simulacra (Pan)
  3 spectral centaurs (Tar:1)
  9 elephants (Lair:5)
  3 meliai (D:12)
  4 rust devils
  A naga zombie (Tomb:2)
  5 titan simulacra
  An apocalypse crab (Abyss:3)
  3 kobold blastminers (Orc:1)
  11 guardian serpents
  19 vault sentinels
  3 dire elephant skeletons
  21 naga magi
  34 smoke demons
  20 orange demons
  38 black mambas
  2 eyes of devastation
  9 molten gargoyles
  6 ice statues
  A torpor snail (Lair:5)
  A gargoyle (Volcano)
  A storm dragon simulacrum (Coc:2)
  A naga skeleton (Tomb:2)
  15 cane toads
  A centaur skeleton (Crypt:3)
  10 efreet
  20 tormentors
  12 rime drakes
  2 spectral demonspawn (Tar:1)
  3 ancient zymes
  27 hellions
  35 yaktaurs
  6 anaconda simulacra
  54 guardian mummies
  2 kobold demonologists
  4 komodo dragons
  16 freezing wraiths
  A bunyip simulacrum (Coc:1)
  4 iron giant simulacra
  2 sea snake skeletons (Hell)
  4 tengu conjurers
  10 ice devils
  A sea snake zombie (Hell)
  3 red devils
  4 spectral harpies
  A white draconian skeleton (Crypt:1)
  4 hydra zombies
  A silent spectre (Tar:4)
  2 golden dragon simulacra
  2 bloated husks
  29 hellwings
  7 polar bears
  A harpy zombie (Crypt:3)
  15 trolls
  13 tyrant leeches
  79 saltlings
  A troll (shapeshifter) (Depths:3)
  22 hornets
  7 harpy skeletons
  10 raiju
  10 blink frogs
  A queen bee (D:9)
  3 iron dragon simulacra
  5 glass eyes
  A spectral dream sheep (Lair:3)
  An ettin zombie (Crypt:3)
  9 dream sheep (Lair:5)
  3 centaur simulacra (Coc:2)
  2 hydra skeletons (Hell)
  A spectral swamp dragon (Tar:1)
  77 slime creatures
  A stone giant simulacrum (Coc:5)
  A black mamba zombie (Crypt:3)
  An ice dragon zombie (Crypt:1)
  Sigmund (D:5)
  10 ushabtiu
  5 water elementals
  5 air elementals
  A wind drake zombie (Crypt:1)
  3 naga simulacra
  A vampire (D:12)
  2 hogs (shapeshifter) (Elf:2)
  15 wraiths
  9 dire elephant simulacra
  4 basilisks
  21 ynoxinuls
  6 fire elementals
  A fire bat (shapeshifter) (Elf:3)
  53 yaks
  2 fire bats (Volcano)
  17 wyverns
  4 hogs (D:15)
  10 golden eyes
  A steam dragon (D:9)
  8 wargs
  7 redbacks
  19 chaos spawn
  7 vampire mosquitoes
  19 neqoxecs
  A wind drake skeleton (Crypt:1)
  A sea snake simulacrum (Hell)
  47 nagas
  Edmund (D:6)
  A spatial vortex (Abyss:5)
  15 harpy simulacra
  A swamp worm (shapeshifter) (Depths:4)
  2 acid dragons
  16 swamp worms
  A faun zombie (Crypt:1)
  10 hell hounds
  22 water moccasins
  3 hydra simulacra
  Duvessa (D:6)
  A sky beast (D:7)
  11 swamp drakes
  37 orc warriors
  An elephant zombie (Crypt:1)
  An ice dragon simulacrum (Coc:1)
  A spectral torpor snail (Lair:3)
  5 ettin simulacra
  16 laughing skulls
  A black bear (Lair:1)
  16 wolves
  2 boggarts
  8 ogres
  3 lemures (D:6)
  A manticore skeleton (Crypt:2)
  13 centaurs
  An elephant skeleton (Crypt:2)
  A phantom (D:5)
  A hog skeleton (Crypt:2)
  2 weeping skulls
  A vine stalker zombie (Crypt:2)
  A kobold brigand (D:10)
  A brain worm (Pan)
  A gnoll sergeant (D:10)
  2 earth elementals
  A scorpion (D:6)
  6 bullfrogs
  A glowing shapeshifter simulacrum (Vaults:3)
  5 small abominations
  9 wyvern skeletons (Crypt:3)
  2 necrophages (Swamp:2)
  A water moccasin skeleton (Crypt:2)
  Dowan (D:6)
  23 killer bees (D:9)
  A swamp dragon simulacrum (Coc:2)
  A troll skeleton (Crypt:1)
  4 howler monkeys
  An electric eel (Lair:3)
  6 lava snakes
  4 centaur zombies
  4 hounds
  6 jellies (Lair:5)
  4 bombardier beetles
  29 orc priests
  A gnoll bouda (D:6)
  15 starcursed masses
  7 iron imps (Geh:5)
  Terence (D:2)
  A black bear skeleton (Crypt:1)
  6 iguanas
  A sleepcap (D:5)
  A hell rat (Lair:2)
  23 orc wizards
  A boggart zombie (Crypt:1)
  70 mummies
  16 gnolls
  7 adders
  A white imp (D:5)
  4 ufetubi
  3 ribbon worms
  2 dart slugs (D:4)
  104 orcs
  9 ball pythons
  4 bats
  6 endoplasms
  4 giant cockroaches
  13 goblins
  6 hobgoblins
  7 jackals
  11 kobolds
  A quokka (D:3)
  2 ball python zombies
  6 frilled lizards
  A giant cockroach zombie (D:3)
  7 rats
  A spectral hobgoblin (D:15)
  10 aspiring fleshes
  A ball lightning (Pan)
  6 creeping infernos
  31 fire vortices
  A lurking horror (Abyss:3)
  9 starspawn tentacles
4659 creatures vanquished.

Vanquished Creatures (collateral kills)
  Antaeus (Coc:7)
  A Hell Sentinel (Dis:7)
  A nargun (Coc:7)
3 creatures vanquished.

Vanquished Creatures (others)
  2 royal mummies (Tomb:3)
  A profane servitor (Tar:6)
  3 walking frostbound tomes (Pan)
  A shard shrike simulacrum (Coc:7)
  A lorocyproca (Pan)
  A mummy priest (Tomb:3)
  3 quicksilver dragon simulacra
  A glowing orange brain (Pan)
  An iron giant simulacrum (Coc:7)
  A bloated husk (Swamp:4)
  A hornet (Swamp:3)
  2 humans (D:15)
  2 harpy simulacra
  A black bear (D:7)
  A bullfrog (Lair:3)
  An orc wizard (D:7)
  8 ball lightnings (Pan)
  6 foxfires
  7 starspawn tentacles
  4 tentacles (Hell)
48 creatures vanquished.

Grand Total: 4710 creatures vanquished

Notes
Turn   | Place    | Note
-------+----------+-------------------------------------------
     0 | D:1      | zdzicho121 the Gargoyle Earth Elementalist began the quest
                  | for the Orb.
     0 | D:1      | Reached XP level 1. HP: 10/10 MP: 3/3
   181 | D:1      | Reached XP level 2. HP: 15/15 MP: 3/5
   519 | D:1      | Reached XP level 3. HP: 19/19 MP: 4/6
   823 | D:2      | Reached skill level 5 in Earth Magic
   881 | D:2      | Identified the +5 ring mail of Peek-a-Boo {Rampage}
  1058 | D:2      | Reached XP level 4. HP: 24/24 MP: 4/8
  1474 | D:2      | Noticed Terence
  1552 | D:3      | Reached XP level 5. HP: 28/28 MP: 7/9
  2242 | D:3      | Noticed an ogre
  2249 | D:3      | Killed an ogre
  2250 | D:3      | Reached XP level 6. HP: 33/33 MP: 9/12
  2428 | D:3      | Found a basalt altar of Yredelemnul.
  2650 | D:4      | Learned a level 3 spell: Stone Arrow
  2656 | D:4      | Learned a level 5 spell: Freezing Cloud
  2677 | D:4      | Found a glowing golden altar of the Shining One.
  3107 | D:4      | Found an ornate altar of the Wu Jian Council.
  3139 | D:4      | Found a sacrificial altar of Ru.
  3389 | D:2      | Killed Terence
  3511 | D:5      | Entered Level 5 of the Dungeon
  3663 | D:5      | Reached XP level 7. HP: 37/37 MP: 11/13
  3741 | D:5      | Found a glowing silver altar of Zin.
  3777 | D:5      | Reached skill level 1 in Ice Magic
  3981 | D:5      | Reached skill level 5 in Spellcasting
  4060 | D:5      | Noticed Sigmund
  4068 | D:5      | Killed Sigmund
  4069 | D:5      | Reached XP level 8. HP: 40/42 MP: 4/16
  4140 | D:5      | Noticed a two-headed ogre
  4146 | D:5      | Killed a two-headed ogre
  4147 | D:5      | Reached skill level 1 in Fighting
  4394 | D:6      | Noticed Pikel
  4403 | D:6      | Killed Pikel
  4404 | D:6      | Reached XP level 9. HP: 33/47 MP: 5/19
  4707 | D:6      | Found a shimmering altar of Xom.
  4765 | D:6      | Found a hazy altar of Hepliaklqana.
  4829 | D:6      | Noticed Duvessa
  4830 | D:6      | Noticed Dowan
  4835 | D:6      | Killed Duvessa
  4839 | D:6      | Killed Dowan
  4941 | D:6      | Found a sparkling altar of Nemelex Xobeh.
  5105 | D:6      | Noticed Edmund
  5109 | D:6      | Killed Edmund
  5332 | D:7      | Found a blossoming altar of Fedhas.
  5362 | D:7      | Reached skill level 5 in Ice Magic
  5362 | D:7      | Reached skill level 10 in Earth Magic
  5410 | D:7      | Found Fuchosyr's Jewellery Shoppe.
  5429 | D:7      | Found a staircase to the Ecumenical Temple.
  5439 | Temple   | Entered the Ecumenical Temple
  5472 | D:7      | Found a radiant altar of Vehumet.
  5485 | D:7      | Became a worshipper of Vehumet
  5756 | D:8      | Found Juts's Book Shoppe.
  5927 | D:8      | Reached XP level 10. HP: 53/53 MP: 21/21
  6247 | D:8      | Found a shimmering blue altar of Sif Muna.
  6457 | D:8      | Reached * piety under Vehumet
  6457 | D:8      | Offered knowledge of Foxfire by Vehumet.
  6614 | D:9      | Noticed Erica
  6616 | D:9      | Reached skill level 5 in Conjurations
  6621 | D:9      | Killed Erica
  7091 | D:9      | Reached skill level 2 in Fighting
  7156 | D:9      | Reached XP level 11. HP: 33/57 MP: 6/24
  7244 | D:9      | Identified the +0 buckler of Analysis {Will+ Int+4 Stlth+}
  7396 | D:9      | Reached skill level 1 in Shields
  7396 | D:9      | Offered knowledge of Freeze by Vehumet.
  7398 | D:9      | Reached ** piety under Vehumet
  7451 | D:9      | Found an ancient bone altar of Kikubaaqudgha.
  7454 | D:9      | Found a shadowy altar of Dithmenos.
  7468 | D:9      | Found a broken altar of Ashenzari.
  7471 | D:9      | Found a burning altar of Makhleb.
  7712 | D:9      | Reached skill level 5 in Shields
  7945 | D:10     | Entered Level 10 of the Dungeon
  8297 | D:10     | Found an iron altar of Okawaru.
  8351 | D:10     | Reached skill level 10 in Spellcasting
  8353 | D:10     | Reached skill level 1 in Armour
  8390 | D:10     | Offered knowledge of Scorch by Vehumet.
  8409 | D:10     | Reached skill level 5 in Armour
  8710 | D:10     | Noticed a two-headed ogre
  8715 | D:10     | Killed a two-headed ogre
  8849 | D:11     | Noticed an orc knight
  8876 | D:11     | Killed an orc knight
  8876 | D:11     | Reached *** piety under Vehumet
  8999 | D:11     | Noticed a cyclops
  9005 | D:11     | Noticed a boulder beetle
  9028 | D:11     | Killed a boulder beetle
  9064 | D:11     | Killed a cyclops
  9065 | D:11     | Reached XP level 12. HP: 61/62 MP: 22/26
  9193 | D:11     | Noticed Harold
  9194 | D:11     | Found a staircase to the Lair.
  9194 | D:11     | Noticed Urug
  9211 | D:11     | Killed Harold
  9255 | D:11     | Killed Urug
  9267 | D:11     | Offered knowledge of Volatile Blastmotes by Vehumet.
  9774 | D:11     | Found a staircase to the Orcish Mines.
  9829 | Lair:1   | Entered Level 1 of the Lair of Beasts
  9841 | Lair:1   | Reached **** piety under Vehumet
  9863 | Lair:1   | Offered knowledge of Ignite Poison by Vehumet.
  9995 | Lair:1   | Found a frozen archway.
 10016 | IceCv    | Entered an ice cave
 10106 | IceCv    | Noticed a death yak
 10114 | IceCv    | Killed a death yak
 10146 | IceCv    | Reached XP level 13. HP: 66/66 MP: 17/29
 10580 | IceCv    | Reached ***** piety under Vehumet
 10583 | IceCv    | Offered knowledge of Ozocubu's Refrigeration by Vehumet.
 10605 | IceCv    | Learned a level 7 spell: Ozocubu's Refrigeration
 10642 | IceCv    | Noticed a frost giant
 10664 | IceCv    | Killed a frost giant
 11000 | Lair:1   | Found a sacrificial altar of Ru.
 11315 | Lair:1   | Reached skill level 10 in Ice Magic
 11402 | Lair:2   | Found a runed translucent door.
 11600 | Lair:2   | Noticed Suk Xiy's ghost (journeyman DrSh)
 12378 | Lair:3   | Noticed Josephine
 12395 | Lair:3   | Killed Josephine
 12438 | Lair:3   | Found a dark tunnel.
 12442 | Volcano  | Entered a volcano
 12571 | Volcano  | Gained mutation: Your large and strong wings let you fly.
                  | [Gargoyle growth]
 12571 | Volcano  | Reached XP level 14. HP: 72/72 MP: 32/32
 12691 | Volcano  | Found a burning altar of Makhleb.
 12724 | Volcano  | Noticed a red draconian
 12730 | Volcano  | Killed a red draconian
 13218 | Lair:3   | Learned a level 5 spell: Lee's Rapid Deconstruction
 13243 | Lair:3   | Found a staircase to the Snake Pit.
 13356 | Lair:3   | Found a staircase to the Swamp.
 13539 | Lair:4   | Offered knowledge of Plasma Beam by Vehumet.
 14348 | D:7      | Bought the ring of Balance {Wiz rF+ MP+9 Dex-2} for 821
                  | gold pieces
 14348 | D:7      | Bought a ring of see invisible for 210 gold pieces
 14531 | Lair:5   | Entered Level 5 of the Lair of Beasts
 14591 | Lair:5   | Identified the ring of Entrepreneurial Spirit {AC+4 Str+2}
 15075 | Lair:5   | Noticed a dire elephant
 15104 | Lair:5   | Killed a dire elephant
 15331 | Lair:5   | Reached skill level 15 in Spellcasting
 15370 | Lair:5   | Found a staircase to the Slime Pits.
 15389 | Lair:5   | Found a viscous altar of Jiyva.
 15407 | Lair:5   | Reached XP level 15. HP: 68/76 MP: 20/34
 16614 | Orc:1    | Entered Level 1 of the Orcish Mines
 16880 | Orc:2    | Entered Level 2 of the Orcish Mines
 16880 | Orc:2    | Found a runed translucent door.
 16915 | Orc:2    | Found Feemu's Magic Scroll Shoppe.
 16950 | Orc:2    | Bought a scroll of enchant armour for 127 gold pieces
 16951 | Orc:2    | Found a staircase to the Elven Halls.
 16956 | Orc:2    | Offered knowledge of Eringya's Noxious Bog by Vehumet.
 17594 | Orc:2    | Reached skill level 15 in Ice Magic
 17596 | Orc:2    | Found Osuixymm's Antique Armour Shoppe.
 17633 | Orc:2    | Found Kalidov's Distillery.
 17657 | Orc:2    | Paralysed by an orc sorcerer for 3 turns
 17687 | Orc:2    | Found Jyunlup's Distillery.
 17693 | Orc:2    | Bought a potion of heal wounds for 85 gold pieces
 17841 | Orc:2    | Found Qaryap's Magic Scroll Shoppe.
 17841 | Orc:2    | Noticed an orc warlord
 17842 | Orc:2    | Reached ****** piety under Vehumet
 17849 | Orc:2    | Killed an orc warlord
 17884 | Orc:2    | Bought a scroll of blinking for 97 gold pieces
 17884 | Orc:2    | Bought a scroll of summoning for 123 gold pieces
 17957 | Orc:2    | Noticed Destapler's ghost (journeyman TrSh)
 17974 | Orc:1    | Noticed an orc warlord
 17986 | Orc:1    | Killed an orc warlord
 18091 | Orc:1    | Noticed Sonja
 18092 | Orc:1    | Killed Sonja
 18320 | Snake:1  | Entered Level 1 of the Snake Pit
 18567 | Snake:1  | Noticed Donald
 18572 | Snake:1  | Killed Donald
 18573 | Snake:1  | Reached XP level 16. HP: 80/80 MP: 31/36
 18767 | Snake:1  | Noticed Louise
 18773 | Snake:1  | Killed Louise
 19579 | Snake:2  | Offered knowledge of Orb of Destruction by Vehumet.
 20425 | Snake:3  | Noticed a nagaraja
 20429 | Snake:3  | Killed a nagaraja
 20431 | Snake:3  | Reached skill level 3 in Fighting
 20518 | Snake:3  | Reached skill level 4 in Fighting
 20705 | Snake:3  | Reached skill level 5 in Fighting
 20803 | Snake:3  | Reached skill level 6 in Fighting
 20848 | Snake:3  | Reached skill level 7 in Fighting
 20855 | Snake:3  | Reached XP level 17. HP: 97/97 MP: 29/37
 20881 | Snake:3  | Reached skill level 8 in Fighting
 21281 | Snake:3  | Offered knowledge of Conjure Ball Lightning by Vehumet.
 21551 | Snake:4  | Entered Level 4 of the Snake Pit
 21977 | Snake:4  | Reached skill level 9 in Fighting
 22060 | Snake:4  | Reached skill level 10 in Fighting
 22500 | Snake:4  | Offered knowledge of Starburst by Vehumet.
 23246 | Snake:4  | Reached XP level 18. HP: 107/107 MP: 29/39
 23348 | Snake:4  | Got a serpentine rune of Zot
 23753 | Swamp:1  | Entered Level 1 of the Swamp
 24015 | Swamp:1  | Noticed Frances
 24020 | Swamp:1  | Killed Frances
 24020 | Swamp:1  | Offered knowledge of Maxwell's Capacitive Coupling by
                  | Vehumet.
 24629 | Swamp:2  | You are sucked into a shaft and drop 1 floor!
 25446 | Swamp:4  | Entered Level 4 of the Swamp
 26297 | Swamp:4  | Offered knowledge of Shatter by Vehumet.
 26297 | Swamp:4  | Offered knowledge of Chain Lightning by Vehumet.
 26297 | Swamp:4  | Offered knowledge of Polar Vortex by Vehumet.
 26329 | Swamp:3  | Learned a level 9 spell: Polar Vortex
 26339 | Swamp:3  | Learned a level 9 spell: Shatter
 26424 | Swamp:4  | Reached skill level 15 in Earth Magic
 26736 | Swamp:4  | Got a decaying rune of Zot
 26766 | Swamp:4  | Reached XP level 19. HP: 112/112 MP: 41/41
 27038 | Swamp:2  | Reached XP level 20. HP: 39/117 MP: 42/42
 27283 | D:12     | Identified the +6 long sword "Mofitteu" {freeze, rPois
                  | Int+2}
 27359 | D:12     | Noticed Rupert
 27364 | D:12     | Killed Rupert
 27481 | D:12     | Found a shimmering blue altar of Sif Muna.
 28024 | D:13     | Noticed Jorgrun
 28027 | D:13     | Killed Jorgrun
 28465 | D:13     | Found a gate to the Vaults.
 28472 | D:13     | Noticed Azrael
 28477 | D:13     | Killed Azrael
 28869 | D:14     | Noticed Snorg
 28874 | D:14     | Killed Snorg
 29326 | D:14     | Found a portal to a secret trove of treasure.
 29658 | D:15     | Entered Level 15 of the Dungeon
 29893 | D:15     | Noticed Kirke
 29898 | D:15     | Killed Kirke
 30492 | D:15     | Found a hazy altar of Hepliaklqana.
 30569 | D:15     | Found a staircase to the Depths.
 30924 | Slime:1  | Entered Level 1 of the Pits of Slime
 31187 | Elf:1    | Entered Level 1 of the Elven Halls
 31204 | Elf:1    | Identified the +3 short sword of the Shouting Stork {venom,
                  | rElec Will+ Str+3}
 31316 | Elf:1    | Reached XP level 21. HP: 70/122 MP: 35/43
 31487 | Elf:1    | Got the Tome of the Miller
 32057 | Elf:2    | Paralysed by an air elemental for 1 turns
 32191 | Elf:2    | Found Welaff's Armour Shop.
 32327 | Elf:2    | Found Zicrouc's General Store.
 32333 | Elf:2    | Bought 2 potions of brilliance for 104 gold pieces
 32581 | Elf:2    | Found a runed translucent gate.
 32581 | Elf:2    | Found a runed translucent gate.
 32584 | Elf:2    | Found a runed translucent gate.
 32799 | Elf:2    | Noticed Norris
 32805 | Elf:2    | Killed Norris
 33329 | Elf:3    | Entered Level 3 of the Elven Halls
 33331 | Elf:3    | Identified the serpent talisman of Creativity {Str+4}
 33331 | Elf:3    | Noticed Aizul
 33334 | Elf:3    | Killed Aizul
 33427 | Elf:3    | Noticed Zenata
 33429 | Elf:3    | Killed Zenata
 33665 | Elf:3    | Identified the +8 short sword "Wixiaff" {drain, Stlth+}
 33670 | Elf:3    | Identified the +5 great sword "Siamocw" {elec, rCorr MP+9
                  | Str+2}
 33678 | Elf:3    | Identified the staff of the Doomed Warrior {rElec Will+ Air
                  | Alchemy}
 33685 | Elf:3    | Identified the +0 scale mail of Agnosticism {rC+}
 33695 | Elf:3    | Identified the staff of the Swamp {^Fragile rElec rCorr
                  | MP+9 Necro Air}
 33716 | Elf:3    | Identified the +8 chain mail "Piorax" {rElec rC+ rN+ Str-3
                  | Dex+4}
 33716 | Elf:3    | Identified the ring "Hiets" {rC+ Will+ SInv Stlth+}
 33893 | Elf:3    | Paralysed by an air elemental for 1 turns
 33975 | Elf:3    | Identified the +6 scale mail "Dytext" {Stlth+}
 33996 | Elf:3    | Found the +4 robe of Augmentation {Str+4 Int+4 Dex+4}
 34013 | Elf:3    | Identified the staff "Quteorr" {rPois rF- rCorr Dex-3 Conj}
 34022 | Elf:3    | Identified the +5 arbalest "Fourch" {heavy, rElec rF+
                  | Int-3}
 34093 | Elf:3    | Noticed Saint Roka
 34096 | Elf:3    | Killed Saint Roka
 34731 | Lair:2   | Killed Suk Xiy's ghost
 34732 | Lair:2   | Reached XP level 22. HP: 120/127 MP: 44/44
 34740 | Lair:2   | Identified the ring "Fonlud" {rC+ MP+9}
 34861 | Orc:2    | Killed Destapler's ghost
 34981 | Vaults:1 | Entered Level 1 of the Vaults
 35007 | Vaults:1 | You are sucked into a shaft and drop 1 floor!
 35056 | Vaults:2 | Found a crumbling gateway.
 35065 | Desolati | Entered the Desolation of Salt
 35217 | Desolati | Identified the +2 robe "Piemnak" {-Tele rN+ Str+4}
 35246 | Desolati | Identified the staff "Amuyhe" {rC+ Dex+2 Ice}
 35290 | Desolati | Got the Anthology of Guile
 35324 | Desolati | Identified the +1 pair of boots of Gafiops {rC+ Str+3}
 35397 | Desolati | Got the Collected Works on Called Death
 35474 | Desolati | Identified the ring of Ific {^Drain rElec rN+ Int+6 Dex+3}
 35482 | Desolati | Identified the +4 war axe "Duolul" {heavy, Stlth+}
 35490 | Desolati | Identified the +5 broad axe "Voff" {protect, Dex+5}
 35530 | Desolati | Identified the +5 dagger "Woneuch" {drain, rCorr}
 35542 | Desolati | Got the Parchment of Wanderlust
 35629 | Desolati | Identified the ring of Ixaututo {rCorr EV+5 Int+3}
 35633 | Desolati | Identified the ring of Wiosaika {rN+ Stlth+}
 35637 | Desolati | Identified the +2 cloak of Tenacity {rC++ Str+3 Dex-4}
 35720 | Desolati | Identified the amulet of Fafalaimp {Acrobat Rampage rF+}
 36194 | Vaults:2 | Found a staircase to the Crypt.
 36478 | Vaults:1 | Reached XP level 23. HP: 132/132 MP: 45/45
 36709 | Vaults:1 | Identified the ring "Liumo" {rPois MP+9 SInv Stlth+}
 36758 | Vaults:1 | Identified the ring "Daskig" {Fire ^Contam rPois Str+3}
 39796 | Vaults:4 | Identified the +8 quarterstaff "Uhutio" {vamp, Str+3 SInv}
 39831 | Vaults:4 | Reached XP level 24. HP: 118/137 MP: 34/48
 40333 | Vaults:5 | Entered Level 5 of the Vaults
 40344 | Vaults:5 | Noticed Margery
 40346 | Vaults:5 | Killed Margery
 40829 | Vaults:5 | Identified the staff "Deoheg" {*Corrode rC++ Will+ Dex+2
                  | Conj}
 40839 | Vaults:5 | Got a silver rune of Zot
 40856 | Vaults:5 | Got the Elucidation of Cryomancy
 40971 | Vaults:5 | Identified the ring of the Princeling {Fly SInv}
 41116 | Vaults:5 | Reached XP level 25. HP: 141/141 MP: 50/50
 41323 | Vaults:5 | Identified the +5 scimitar of Sytraodgh {antimagic, Int+3
                  | Dex+4}
 41401 | Vaults:5 | Identified the +4 dagger of the Beginning {freeze, rElec
                  | Int+3}
 41432 | Vaults:5 | Identified the +3 leather armour of Qoygh {Fly}
 42166 | Slime:2  | Noticed Dissolution
 42170 | Slime:2  | Killed Dissolution
 42674 | Slime:3  | Reached skill level 11 in Fighting
 43067 | Slime:4  | Reached skill level 12 in Fighting
 43572 | Slime:5  | Entered Level 5 of the Pits of Slime
 43616 | Slime:5  | Noticed the Royal Jelly
 43706 | Slime:5  | Reached skill level 13 in Fighting
 43938 | Slime:5  | Reached skill level 14 in Fighting
 44021 | Slime:5  | Reached skill level 1 in Necromancy
 44051 | Slime:5  | Killed the Royal Jelly
 44148 | Slime:5  | Identified the amulet of Benevolence {Spirit rC+}
 44168 | Slime:5  | Identified the +5 quarterstaff "Mamonofa" {flame, rC+++
                  | Will++ Dex-4}
 44220 | Slime:5  | Identified the ring "Aklyng" {*Corrode rPois rN+ Str+6}
 44252 | Slime:5  | Got Ilur's Lessons on the Escort and the Oath
 44255 | Slime:5  | Identified the ring "Savaevue" {Ice rPois rCorr Str+3
                  | Dex-5}
 44277 | Slime:5  | Identified the ring "Deagojiq" {+Blink rElec rC++ rCorr
                  | Str-3}
 44280 | Slime:5  | Got a slimy rune of Zot
 44287 | Slime:5  | Got Ziemis's Elucidation of Overhead Synthesis
 44295 | Slime:5  | Identified the +0 chain mail of Numerch {Regen+ rCorr
                  | Dex+2}
 44853 | Crypt:1  | Entered Level 1 of the Crypt
 44895 | Crypt:1  | Reached skill level 5 in Necromancy
 45790 | Crypt:2  | Reached skill level 1 in Staves
 45800 | Crypt:2  | Reached XP level 26. HP: 130/158 MP: 45/51
 45815 | Crypt:2  | Reached skill level 5 in Staves
 46437 | Crypt:3  | Entered Level 3 of the Crypt
 46628 | Crypt:3  | Identified the staff "Raoceen" {^Fragile rN+ Will++ SInv
                  | Necro Ice}
 46635 | Crypt:3  | Noticed an ancient lich
 46643 | Crypt:3  | Killed an ancient lich
 46676 | Crypt:3  | Found an ancient bone altar of Kikubaaqudgha.
 46842 | Crypt:3  | Identified the amulet "Heeg" {Faith ^Drain rElec rPois
                  | Stlth+}
 46856 | Crypt:3  | Got Rigot's Atlas of Shifting Effluvium
 46961 | Crypt:3  | Reached skill level 10 in Staves
 47007 | Crypt:3  | Identified the orb of Lesser Demons {*channel, rF- rN+
                  | Hexes}
 47007 | Crypt:3  | Noticed Frederick
 47011 | Crypt:3  | Killed Frederick
 47545 | Crypt:3  | Found a staircase to the Tomb.
 47848 | Tomb:1   | Entered Level 1 of the Tomb of the Ancients
 47918 | Tomb:1   | Noticed a royal mummy
 47924 | Tomb:1   | Killed a royal mummy
 47928 | Tomb:1   | Noticed a royal mummy
 47933 | Tomb:1   | Killed a royal mummy
 47935 | Tomb:1   | Noticed a royal mummy
 47995 | Tomb:1   | Noticed a royal mummy
 47999 | Tomb:1   | Killed a royal mummy
 48000 | Tomb:1   | Killed a royal mummy
 48016 | Tomb:1   | Noticed a royal mummy
 48020 | Tomb:1   | Killed a royal mummy
 48256 | Tomb:1   | Noticed a royal mummy
 48271 | Tomb:1   | Killed a royal mummy
 48436 | Tomb:1   | Noticed a royal mummy
 48440 | Tomb:1   | Killed a royal mummy
 48555 | Tomb:1   | Noticed a royal mummy
 48556 | Tomb:1   | Noticed a royal mummy
 48558 | Tomb:1   | Killed a royal mummy
 48560 | Tomb:1   | Killed a royal mummy
 48687 | Tomb:1   | Identified the +2 leather armour of Uskayaw's Castigation
                  | {rC++ Will++ Str-4}
 48716 | Tomb:1   | Noticed a royal mummy
 48720 | Tomb:1   | Killed a royal mummy
 49175 | Tomb:1   | Reached skill level 10 in Shields
 49932 | Depths:1 | Entered Level 1 of the Depths
 49936 | Depths:1 | Reached XP level 27. HP: 161/163 MP: 49/51
 50467 | Depths:1 | Found a gateway to Hell.
 50646 | Depths:1 | Found Xafid's Magic Scroll Shop.
 50653 | Depths:1 | Bought a scroll of fog for 48 gold pieces
 50653 | Depths:1 | Bought a scroll of blinking for 90 gold pieces
 50697 | Depths:1 | Found Tiatevaj's Firing Range.
 51442 | Depths:2 | Found a one-way gate leading to the halls of Pandemonium.
 51683 | Depths:2 | Found a one-way gate to the infinite horrors of the Abyss.
 52047 | Depths:2 | Reached skill level 10 in Necromancy
 52057 | Depths:2 | Noticed Boris
 52370 | Depths:2 | Killed Boris
 52527 | Depths:2 | Found a radiant altar of Vehumet.
 52695 | Hell     | Entered the Vestibule of Hell
 52696 | Hell     | Noticed Geryon
 52794 | Hell     | Killed Geryon
 53054 | D:14     | You paid a toll of the horn of Geryon to enter a treasure
                  | trove
 53055 | Trove    | Entered a treasure trove
 53058 | Trove    | Found the sphere of Battle
 53060 | Trove    | Identified the +0 buckler of Woyps {Fly rC+ rCorr}
 53062 | Trove    | Identified the +0 pair of gloves "Ybemn" {rN+ Str+4}
 53068 | Trove    | Found the +3 pair of seven-league boots {Rampage+∞}
 53071 | Trove    | Identified the +0 helmet of Sudwy {Harm rC+}
 53077 | Trove    | Identified the +5 pair of boots "Jofrubit" {rPois rF+ Str+3
                  | Int-3}
 53079 | Trove    | Identified the +0 pair of gloves "Hunwuw" {Str+2 Int+5}
 53082 | Trove    | Identified the +0 leather armour of Classification {rElec}
 53086 | Trove    | Identified the +2 cloak of Rotini {^Contam Rampage rPois
                  | Str+8 Int-5}
 53378 | Depths:3 | Found the -2 hat of the Alchemist {rElec rPois rF+ rC+ rN+
                  | Will+ rMut rCorr}
 53582 | Depths:3 | Noticed a dread lich
 53589 | Depths:3 | Killed a dread lich
 53590 | Depths:3 | Identified the +0 plate armour of Defiance {rCorr}
 53850 | Depths:3 | Found a corrupted altar of Lugonu.
 53955 | Depths:3 | Identified the +7 glaive of Context {drain, rCorr}
 54299 | Depths:3 | Learned a level 8 spell: Lehudib's Crystal Spear
 54330 | Depths:4 | Entered Level 4 of the Depths
 54360 | Depths:4 | Reached skill level 15 in Necromancy
 54363 | Depths:4 | Noticed Boris
 54371 | Depths:4 | Killed Boris
 54557 | Depths:4 | Found a gate to the Realm of Zot.
 54792 | Depths:4 | Found Onesabige's Armour Shoppe.
 54796 | Depths:4 | Bought a scarf of resistance for 672 gold pieces
 54849 | Depths:4 | Found a one-way gateway to a ziggurat.
 54889 | Depths:4 | Found Zinaewn's Antique Artefacts.
 54896 | Depths:4 | Bought a faintly humming scarf for 360 gold pieces
 54896 | Depths:4 | Identified the scarf "Rozxieru" {+Inv, rPois Regen+ MP+9}
                  | (You bought it in a shop on level 4 of the Depths)
 54896 | Depths:4 | Bought a transparent silver ring for 180 gold pieces
 54896 | Depths:4 | Identified the ring of Sisch {Will- Int+4 SInv} (You bought
                  | it in a shop on level 4 of the Depths)
 54915 | Depths:4 | Learned a level 9 spell: Death's Door
 55272 | Depths:4 | Found a broken altar of Ashenzari.
 55315 | Zot:1    | Entered Level 1 of the Realm of Zot
 55997 | Zot:1    | Reached skill level 1 in Evocations
 56310 | Zot:1    | Identified the +2 plate armour of Creativity {rF+ Str+3}
 56525 | Zot:2    | Reached skill level 5 in Evocations
 56808 | Zot:2    | Noticed a dread lich
 56812 | Zot:2    | Killed a dread lich
 56813 | Zot:2    | Identified the +3 long sword of Chance {freeze, Fly Dex+4}
 56814 | Zot:2    | Noticed a dread lich
 56815 | Zot:2    | Killed a dread lich
 56815 | Zot:2    | Noticed a dread lich
 56817 | Zot:2    | Noticed a dread lich
 56818 | Zot:2    | Killed a dread lich
 56818 | Zot:2    | Noticed a dread lich
 56820 | Zot:2    | Killed a dread lich
 56820 | Zot:2    | Killed a dread lich
 56875 | Zot:2    | Identified the ring of Itanizxati {rPois Dex+3}
 56878 | Zot:2    | Got Sirix's Folio of the Volcano and Hoarfrost
 57062 | Zot:2    | Reached skill level 10 in Evocations
 57505 | Zot:3    | Identified the amulet of the Green God {Acrobat rC+ Int+4}
 58609 | Zot:4    | Identified the +6 falchion of the End of Times {drain, rC+}
 58837 | Zot:5    | Entered Level 5 of the Realm of Zot
 59105 | Zot:5    | Identified the +0 leather armour "Jiq Cen" {*Slow rC+++
                  | Will+}
 59112 | Zot:5    | Noticed an ancient lich
 59121 | Zot:5    | Killed an ancient lich
 59248 | Zot:5    | Noticed a dread lich
 59252 | Zot:5    | Killed a dread lich
 59264 | Zot:5    | Noticed an orb of fire
 59270 | Zot:5    | Killed an orb of fire
 59276 | Zot:5    | Noticed an orb of fire
 59282 | Zot:5    | Killed an orb of fire
 59581 | Zot:5    | Noticed a dread lich
 59584 | Zot:5    | Killed a dread lich
 59766 | Zot:5    | Noticed a dread lich
 59770 | Zot:5    | Killed a dread lich
 59914 | Zot:5    | Noticed an orb of fire
 59918 | Zot:5    | Killed an orb of fire
 60209 | Hell     | Found a gateway to the Iron City of Dis.
 60232 | Hell     | Found a gateway to the freezing wastes of Cocytus.
 60304 | Hell     | Found a gateway to the decaying netherworld of Tartarus.
 60453 | Hell     | Found a gateway to the ashen valley of Gehenna.
 60511 | Dis:1    | Entered Level 1 of the Iron City of Dis
 61345 | Dis:4    | You are sucked into a shaft and drop 2 floors!
 61859 | Dis:7    | Entered Level 7 of the Iron City of Dis
 62685 | Dis:7    | Noticed Dispater
 62893 | Dis:7    | HP: 1/125 [Hell Sentinel/damnation (40)]
 62984 | Hell     | Learned a level 7 spell: Spellforged Servitor
 62996 | Hell     | Learned a level 7 spell: Enfeeble
 63422 | Tomb:2   | Noticed a royal mummy
 63422 | Tomb:2   | Noticed a royal mummy
 63422 | Tomb:2   | Noticed a royal mummy
 63424 | Tomb:2   | Noticed a royal mummy
 63427 | Tomb:2   | Reached skill level 15 in Shields
 63430 | Tomb:2   | Killed a royal mummy
 63430 | Tomb:2   | Killed a royal mummy
 63430 | Tomb:2   | Killed a royal mummy
 63430 | Tomb:2   | Killed a royal mummy
 63561 | Tomb:2   | Reached skill level 1 in Summonings
 63577 | Tomb:2   | Reached skill level 1 in Hexes
 63703 | Tomb:2   | Reached skill level 5 in Summonings
 64070 | Tomb:3   | Entered Level 3 of the Tomb of the Ancients
 64080 | Tomb:3   | Noticed Boris
 64085 | Tomb:3   | Reached skill level 5 in Hexes
 64087 | Tomb:3   | Killed Boris
 64087 | Tomb:3   | Noticed a royal mummy
 64089 | Tomb:3   | Noticed a royal mummy
 64090 | Tomb:3   | Noticed a royal mummy
 64091 | Tomb:3   | Noticed a royal mummy
 64093 | Tomb:3   | Noticed a royal mummy
 64093 | Tomb:3   | Noticed a royal mummy
 64094 | Tomb:3   | Killed a royal mummy
 64095 | Tomb:3   | Noticed a royal mummy
 64095 | Tomb:3   | Noticed a royal mummy
 64095 | Tomb:3   | Noticed a royal mummy
 64096 | Tomb:3   | Reached skill level 10 in Summonings
 64097 | Tomb:3   | Killed a royal mummy
 64098 | Tomb:3   | Killed a royal mummy
 64098 | Tomb:3   | Killed a royal mummy
 64099 | Tomb:3   | Killed a royal mummy
 64100 | Tomb:3   | Killed a royal mummy
 64100 | Tomb:3   | Killed a royal mummy
 64102 | Tomb:3   | Killed a royal mummy
 64102 | Tomb:3   | Killed a royal mummy
 64213 | Tomb:3   | Got a golden rune of Zot
 64274 | Tomb:3   | Found the amulet of Vitality {RegenMP++ Regen++}
 64295 | Tomb:3   | Identified the +0 chain mail of Subjectivity {Will- Regen+
                  | Int+2}
 64315 | Tomb:3   | Identified the +0 flail of Kapseirch {holy, Str+3 Int+3}
 64341 | Tomb:3   | Identified the +5 quarterstaff of the Ten Eyes {venom,
                  | rPois rC+ Dex+3}
 64342 | Tomb:3   | Identified the +0 plate armour "Tuahot" {Fly rPois Stlth+}
 64360 | Tomb:3   | Identified the ring "Baofeud" {^Contam rElec Will+ rCorr
                  | MP+9}
 65511 | Dis:7    | Got an iron rune of Zot
 65516 | Dis:7    | Identified the +12 lajatang of Zudu {antimagic, rC+}
 65593 | Dis:7    | Identified the staff of Kecail {rElec Str+3 Air}
 65801 | Dis:7    | Identified the ring "Byproic" {rElec Will+ Slay-2 Stlth+}
 65817 | Dis:7    | Identified the +11 lajatang "Fodwol" {spect, rElec Int+2
                  | Stlth-}
 65818 | Dis:7    | Identified the amulet of Xom's Attic {RegenMP rC+ Str+3
                  | SInv}
 66309 | Dis:7    | Killed Dispater
 66483 | Coc:1    | Entered Level 1 of Cocytus
 66485 | Coc:1    | Reached skill level 10 in Hexes
 66869 | Coc:3    | Paralysed by a wendigo for 1 turns
 67189 | Coc:7    | Entered Level 7 of Cocytus
 67363 | Coc:7    | Noticed Antaeus
 67516 | Coc:5    | Reached skill level 5 in Dodging
 67786 | Coc:7    | Identified the +0 robe of Classification {rN+ MP+9}
 69050 | Coc:7    | Identified the +1 plate armour "Icitaz" {Rampage rPois
                  | Str+3}
 69183 | Coc:7    | Killed Antaeus
 69253 | Coc:7    | Got an icy rune of Zot
 69364 | Tar:1    | Entered Level 1 of Tartarus
 69382 | Tar:1    | Reached skill level 10 in Dodging
 70371 | Tar:6    | Reached skill level 5 in Throwing
 70586 | Tar:7    | Entered Level 7 of Tartarus
 70700 | Tar:7    | Reached skill level 10 in Throwing
 70705 | Tar:7    | Noticed the Serpent of Hell
 70873 | Tar:7    | Killed the Serpent of Hell
 71283 | Tar:7    | Identified the +10 quarterstaff of Amaruamu {freeze, rElec
                  | Int+4}
 71363 | Tar:7    | Noticed an ancient lich
 71364 | Tar:7    | Noticed a dread lich
 71365 | Tar:7    | Killed an ancient lich
 71365 | Tar:7    | Noticed an ancient lich
 71368 | Tar:7    | Killed a dread lich
 71368 | Tar:7    | Killed an ancient lich
 71426 | Tar:7    | Identified the staff of Qotajif {rPois rN+ Str-3 Int+5
                  | Necro Alchemy}
 71428 | Tar:7    | Identified the amulet "Enomun" {Regen+ Str+3 Int+2}
 71518 | Tar:7    | Reached skill level 10 in Armour
 71619 | Tar:7    | Noticed Ereshkigal
 71627 | Tar:7    | Paralysed by Ereshkigal for 2 turns
 71633 | Tar:7    | Killed Ereshkigal
 71683 | Tar:7    | Got a bone rune of Zot
 71991 | Geh:1    | Entered Level 1 of Gehenna
 72383 | Geh:5    | Found an ancient bone altar of Kikubaaqudgha.
 72610 | Geh:6    | Noticed an ancient lich
 72614 | Geh:6    | Killed an ancient lich
 72970 | Geh:7    | Entered Level 7 of Gehenna
 73294 | Geh:7    | Reached skill level 5 in Stealth
 73834 | Geh:7    | Found the +13 sceptre of Asmodeus
 73834 | Geh:7    | Noticed Asmodeus
 73850 | Geh:7    | Killed Asmodeus
 73858 | Geh:7    | Identified the staff "Caurawnimn" {rElec rN++ Int-3 Air}
 73885 | Geh:7    | Identified the +0 pair of boots of the Valley {rPois Will+
                  | rCorr Dex-4}
 73890 | Geh:7    | Identified the +11 war axe of Haunted Action {speed,
                  | ^Contam rN+ Will+}
 73900 | Geh:7    | Identified the +7 short sword of Joyful Slaughter {venom,
                  | ^Fragile rPois Str+3}
 73917 | Geh:7    | Identified the +0 hand axe of Might {freeze, rCorr MP+9
                  | Str+2}
 73926 | Geh:7    | Got an obsidian rune of Zot
 73942 | Geh:7    | Identified the +8 orcbow of the Five Beggars {antimagic,
                  | rPois Int+2 Dex+2}
 73954 | Geh:7    | Identified the +8 arbalest "Tesyghik" {flame, *Slow rF+
                  | rN++}
 74019 | Geh:7    | Identified the staff of Qofoisont {*Corrode rPois Ice Air
                  | Earth Alchemy}
 74252 | Depths:3 | Voluntarily entered the Abyss.
 74356 | Abyss:3  | Found a radiant altar of Vehumet.
 74358 | Abyss:3  | Found a shimmering blue altar of Sif Muna.
 74387 | Abyss:3  | Found an ancient bone altar of Kikubaaqudgha.
 74484 | Abyss:3  | Reached skill level 10 in Stealth
 74566 | Abyss:4  | Found a corrupted altar of Lugonu.
 74583 | Abyss:4  | Found a corrupted altar of Lugonu.
 74768 | Abyss:5  | Found a corrupted altar of Lugonu.
 74789 | Abyss:5  | Found a corrupted altar of Lugonu.
 74790 | Abyss:5  | Found a corrupted altar of Lugonu.
 74792 | Abyss:5  | Got an abyssal rune of Zot
 74844 | Depths:3 | Escaped the Abyss
 74927 | Pan      | Entered Pandemonium
 75103 | Pan      | Noticed Koxzer the pandemonium lord
 75109 | Pan      | Killed Koxzer the pandemonium lord
 75115 | Pan      | Reached skill level 15 in Stealth
 75536 | Pan      | Found a white marble altar of Elyvilon.
 75658 | Pan      | Reached skill level 15 in Fighting
 75740 | Pan      | Reached skill level 16 in Fighting
 75771 | Pan      | Identified the +0 orcbow of Qazlal {freeze, Dex+5}
 75771 | Pan      | Identified the +0 chain mail of Omission {rF+ rC+++}
 76134 | Pan      | Identified the +0 tower shield "Poohih" {rElec Str+2}
 76149 | Pan      | Reached skill level 17 in Fighting
 76159 | Pan      | Identified the +4 mace "Ipiagas" {holy, *Noise rN+ Dex+2}
 76228 | Pan      | Found a glowing silver altar of Zin.
 76847 | Pan      | Reached skill level 18 in Fighting
 76937 | Pan      | Identified the +6 ice dragon scales of Articulation {rF-
                  | rC++ rN+ Dex+3}
 76937 | Pan      | Noticed a seraph
 76946 | Pan      | Identified the +3 tower shield of Compression {+Inv rPois
                  | rF- MP+9}
 76947 | Pan      | Identified the +7 morningstar of Urgency {flame, *Slow Fly
                  | rN+}
 76947 | Pan      | Identified the ring "Olagedig" {Str+4 Int+6}
 76949 | Pan      | Killed a seraph
 76949 | Pan      | Found a glowing golden altar of the Shining One.
 76972 | Pan      | Got a demonic rune of Zot
 76977 | Pan      | Identified the +5 trident of the Lurker {freeze, +Blink
                  | rPois}
 76981 | Pan      | Identified the +10 short sword of Indomitability {protect,
                  | Dex+3}
 77304 | Pan      | Reached skill level 19 in Fighting
 77573 | Pan      | Noticed Eshagu the pandemonium lord
 77584 | Pan      | Killed Eshagu the pandemonium lord
 77585 | Pan      | Reached skill level 20 in Fighting
 77628 | Pan      | Gained mutation: Your magical capacity is low. (-10% MP) [a
                  | cacodemon]
 77672 | Pan      | Reached skill level 21 in Fighting
 77678 | Pan      | Noticed Koatipof the pandemonium lord
 77681 | Pan      | Killed Koatipof the pandemonium lord
 77885 | Pan      | Noticed Qowaosoi the pandemonium lord
 77891 | Pan      | Killed Qowaosoi the pandemonium lord
 77896 | Pan      | Reached skill level 22 in Fighting
 78017 | Pan      | Noticed Laonyrghufy the pandemonium lord
 78024 | Pan      | Killed Laonyrghufy the pandemonium lord
 78148 | Pan      | Reached skill level 23 in Fighting
 78163 | Pan      | Entered the realm of Mnoleg.
 78225 | Pan      | Reached skill level 24 in Fighting
 78229 | Pan      | Gained mutation: Your spells are a little easier to cast,
                  | but a little less powerful. [a neqoxec]
 78248 | Pan      | Noticed Mnoleg
 78260 | Pan      | Killed Mnoleg
 78386 | Pan      | Got a glowing rune of Zot
 78438 | Pan      | Found an ancient bone altar of Kikubaaqudgha.
 78867 | Pan      | Reached skill level 25 in Fighting
 78889 | Pan      | Found an exit through the horrors of the Abyss.
 78937 | Pan      | Identified the +8 short sword of Benevolence {speed, rElec
                  | rC+ rN+ Dex+4}
 78998 | Pan      | Entered the realm of Lom Lobon.
 79289 | Pan      | Noticed Lom Lobon
 79308 | Pan      | Killed Lom Lobon
 79317 | Pan      | Got a magical rune of Zot
 79534 | Pan      | Found an exit through the horrors of the Abyss.
 79591 | Pan      | Reached skill level 15 in Dodging
 79627 | Pan      | Got the Treatise on Hapless Clouds
 79793 | Pan      | Gained mutation: You are robust. (+10% HP) [a cacodemon]
 79932 | Pan      | Noticed Aciecaej the pandemonium lord
 79940 | Pan      | Killed Aciecaej the pandemonium lord
 80125 | Pan      | Noticed Pude Cupt the pandemonium lord
 80194 | Pan      | Killed Pude Cupt the pandemonium lord
 80538 | Pan      | Entered the realm of Cerebov.
 80655 | Pan      | Identified the amulet of Aheel {Reflect +Blink rPois rC+
                  | SH+5}
 80656 | Pan      | Identified the +0 scimitar "Boatuz" {flame, rElec Str+3
                  | Int+2}
 80656 | Pan      | Identified the ring "Poddagh" {MP+9 Stlth+}
 80659 | Pan      | Identified the +4 flail of the Final Chapter {spect, rC+}
 80659 | Pan      | Identified the amulet of the Middle {Reflect Will++ Int+4
                  | SH+5}
 80728 | Pan      | Got the Directory of Sweltering Attendants
 80729 | Pan      | Found the +6 sword of Cerebov {flame}
 80729 | Pan      | Noticed Cerebov
 80756 | Pan      | Killed Cerebov
 80876 | Pan      | Identified the +5 arbalest of the Hidden Tales {penet,
                  | rC++}
 80932 | Pan      | Identified the +10 morningstar of Utousch {drain, Str+3}
 81407 | Pan      | Got a fiery rune of Zot
 81430 | Pan      | Identified the amulet of Jytoif {Faith rF+ Dex+4}
 81432 | Pan      | Identified the +6 falchion "Quryah" {freeze, +Blink rPois
                  | rCorr Str-4}
 81651 | Pan      | Entered the realm of Gloorx Vloq.
 81904 | Pan      | Found an exit through the horrors of the Abyss.
 82283 | Pan      | Noticed Gloorx Vloq
 82293 | Pan      | Killed Gloorx Vloq
 82297 | Pan      | Got a dark rune of Zot
 82643 | Depths:2 | Escaped Pandemonium
 82840 | Zot:5    | Got the Orb of Zot
 82931 | Zot:4    | Noticed Akloqigg the pandemonium lord
 82931 | Zot:4    | Noticed an ancient lich
 82936 | Zot:4    | Killed an ancient lich
 82942 | Zot:4    | Killed Akloqigg the pandemonium lord
 83025 | Zot:1    | Noticed Vaunk the pandemonium lord
 83055 | Zot:1    | Noticed Raont the pandemonium lord
 83060 | Depths:4 | Killed Vaunk the pandemonium lord
 83143 | Depths:2 | Noticed a seraph
 83452 | D:$      | Escaped with the Orb!

Illustrated notes

Levels and vault maps discovered:
D:1:      dpeg_arrival_oval, layout_rooms, minmay_tromino_mix6
D:2:      layout_basic, hangedman_decor_points, uniq_terence
D:3:      minmay_thinvault, layout_basic, lemuel_zombie_altar_yredelemnul
D:4:      wad_pebble_path, layout_basic, tso_oasis_becter,
          nzn_wu_jian_contemplation, lemuel_crystal_altar
D:5:      layout_basic, mainiacjoe_overflow_paths, serial_bayou_pond_e,
          uniq_sigmund
D:6:      layout_loops_cross, nicolae_overflow_crystal_walls,
          lemuel_doored_altar, old_standard_altar, kennysheep_flooded_box,
          uniq_duvessa, uniq_pikel, uniq_edmund
D:7:      dreamdust_elfheim, layout_rooms, fiery_altar_vehumet,
          mainiacjoe_overflow_small_starburst, temple_statues, serial_shops,
          shop
D:8:      layout_gridville, mainiacjoe_overflow_24_doors, serial_shops,
          nicolae_shop_advertising_works [nicolae_subvault_shop_adworks],
          special_room [special_room_orc]
D:9:      layout_rooms, grunt_temple_overflow_cloverleaf, serial_glass,
          glass_columns_c, glass_columns_a, grunt_ministairs_4, minivault_7,
          uniq_erica
D:10:     layout_irregular_city, okawaru_trees_1
D:11:     layout_irregular_city, erik_lair_orcish_takeover, david_orc_4,
          nicolae_houndstooth_variations, uniq_urug, uniq_harold
D:12:     layout_roguey, hellmonk_sif_muna_bookshelves, uniq_rupert
D:13:     layout_rooms, erik_vaults_1, minivault_10, kennysheep_boxes,
          uniq_azrael, uniq_jorgrun
D:14:     layout_irregular_city, serial_column_ruins, column_ruins_grid_1,
          column_ruins_grid_1, column_ruins_open_large, column_ruins_grid_1,
          column_ruins_grid_1, column_ruins_columns_straight,
          column_ruins_grid_3, trove_entry_hex_spiral, uniq_snorg
D:15:     gammafunk_enter_depths_forms, layout_basic,
          nicolae_hepliaklqana_monster_ancestors, uniq_kirke
Temple:   nicolae_temple_stand_before_the_council
Lair:1:   layout_cave_shapes, portal_ice_cave_demonic_guard, basic_altar,
          grunt_forest_small_clearing_treed, infiniplex_staircase_pool_2
Lair:2:   layout_regular_city, ebering_ghost_reflecting_pool, st_stairs_5
Lair:3:   layout_misc_corridors, nicolae_swamp_entry_spooky,
          guppyfry_snake_entry_garden, nicolae_volcano_entry_lava_flow,
          nicolae_lair_grazing_beasts [nicolae_sub_lair_graze_edge,
          nicolae_sub_lair_graze_edge, nicolae_sub_lair_graze_edge,
          nicolae_sub_lair_graze_edge], uniq_josephine
Lair:4:   layout_loops_ring
Lair:5:   hangedman_lair_tendril_chambers, layout_cave_pods,
          hangedman_lair_in_review, nicolae_slime_entry_slimehenge
Swamp:1:  layout_falls_marsh, evilmike_swamp_ruin_house_2, uniq_frances
Swamp:2:  layout_basic_swamp, nicolae_swamp_trees_clearing
Swamp:3:  layout_basic_swamp, nicolae_swamp_some_circles
Swamp:4:  swamp_alternative, layout_basic_swamp, nicolae_swamp_hydra_murder_den
Snake:1:  layout_gridlike, uniq_donald, uniq_louise
Snake:2:  layout_onion
Snake:3:  layout_grid_maze, eino_curves_03
Snake:4:  grunt_snake_rune_spirals, layout_onion_interference,
          serial_bayou_shore_a
Slime:1:  layout_caves, special_room [special_room_jelly]
Slime:2:  layout_caves, dissolution_awaits
Slime:3:  layout_caves
Slime:4:  layout_caves
Slime:5:  slime_pit_nicolae_amoeboid
Orc:1:    layout_caves, uniq_sonja
Orc:2:    hellmonk_orc_salted, layout_diamond_mine,
          ebering_ghost_reflecting_pool, serial_shops, nicolae_shop_peninsula
Elf:1:    eino_elf_arrival_shootout, layout_rooms, minmay_elf_demonology,
          amcnicky_mini_rare_corridor_liquid, roderic_roman_lattice,
          hangedman_elf_power_crystal
Elf:2:    nicolae_elf_blades_splatter_lattice [nicolae_blade_entry_pointy_end],
          layout_geoelf_octagon, serial_shops, nicolae_shop_trees, shop,
          grunt_megastairs_2, uniq_norris
Elf:3:    elf_hall_gauntlet_narrow, layout_geoelf_octagon,
          einodemon_crawler_minivault, uniq_saint_roka, uniq_aizul, uniq_zenata
Vaults:1: nicolae_vaults_swerve, nicolae_vaults_circle_grid_b,
          vaults_room_ringed_pool, hangedman_vaults_nodes,
          nicolae_vaults_house_3, nicolae_vaults_tangram_2, vaults_dpeg_hooks,
          v_misc_12, vaults_room_large_hall, nicolae_vaults_big_angled_halls,
          nicolae_vaults_house_1, ontoclasm_vaults_gateway,
          nicolae_vaults_tetromino_T_2, grunt_vaults_hallway_short,
          layout_vaults_omnibox
Vaults:2: portal_desolation_entry_ruin, v_pattern_2,
          dpeg_vaults_pockets_of_resistance, minmay_crypt_entry_simple_round,
          v_misc_27, grunt_vaults_funnel, nicolae_vaults_trapezoid_lopsided_3,
          v_alt_pattern_3, ontoclasm_vaults_ring_large, ontoclasm_vaults_chip,
          nicolae_vaults_mini_display_case, nicolae_vaults_closet_pinwheel_6,
          grunt_vaults_hallway_long, layout_vaults_maze_bifur
Vaults:3: serial_ice_h, v_rooms_5, nicolae_vaults_storage_closets_3,
          nicolae_vaults_tetromino_L_1, nicolae_vaults_three_branches,
          ontoclasm_vaults_chip, ontoclasm_vaults_ligature,
          nicolae_vaults_security_offices_6, nicolae_vaults_tetromino_L_2,
          nicolae_vaults_spaceships, nicolae_vaults_sightless_eye,
          layout_vaults_ring
Vaults:4: nicolae_vaults_cochlea, nicolae_vaults_stand_back,
          nicolae_vaults_weapon_check, hangedman_vaults_trim,
          nicolae_vaults_network_quincunx
          [nicolae_vaults_network_quincunx_subvault,
          nicolae_vaults_network_quincunx_subvault,
          nicolae_vaults_network_quincunx_subvault,
          nicolae_vaults_network_quincunx_subvault,
          nicolae_vaults_network_quincunx_subvault], v_rooms_4,
          vaults_standard_mumra_x, nicolae_vaults_hexular_roomagon,
          vaults_room_door_ring, nicolae_vaults_wine_cellar,
          nicolae_vaults_little_squares_5, nicolae_vaults_little_squares_4,
          nicolae_vaults_house_2, layout_vaults_omnicross
Vaults:5: uniq_margery
Crypt:1:  layout_regular_city
Crypt:2:  layout_gridlike, lemuel_upstairs_altar, uniq_josephina
Crypt:3:  evilmike_haunted_forest, uniq_frederick
Tomb:1
Tomb:2
Tomb:3
Depths:1: nzn_winding_woodlands_cross [nzn_winding_woodlands_5x15_longhouse,
          nzn_winding_woodlands_5x15_eye, nzn_winding_woodlands_5x15_crooked,
          nzn_winding_woodlands_5x15_pathside_ponds,
          nzn_winding_woodlands_15x15_thick_spiral], layout_honeycomb,
          pf_hell_entry_great_geh, serial_shops,
          nicolae_shop_tiny_real_fake_doors, drop_trap,
          nicolae_shop_firing_range
Depths:2: evilmike_halls_of_destruction, layout_gridlike,
          hangedman_abyss_entry_splay, hell_entry, minmay_door_square,
          grunt_pan_entry_in_and_out, serial_bayou_shore_b, uniq_boris
Depths:3: minmay_complete_graph, layout_gridlike, abyss_entry_flame_altar,
          pf_hell_entry_tar_river
Depths:4: grunt_zot_entry_bicorn, layout_honeycomb, enter_ziggurat_f,
          lightli_too_deep, serial_shops, shop, lemuel_crystal_altar,
          nicolae_antique_artefacts
Hell
Dis:1:    layout_regular_city
Dis:2:    layout_jigsaw
Dis:3:    layout_gridville
Dis:4:    layout_jigsaw, nicolae_hells_fiendish_ambush
Dis:5:    layout_subdivisions, nicolae_dis_distal_crystal
Dis:6:    layout_gridville
Dis:7:    iron_city_of_dis [dis_mu, dis_wall_7], layout_gridville,
          nicolae_dis_metal_dragon_surprise
Geh:1:    layout_gehenna_pools_triple
Geh:2:    layout_gehenna_lava_caves
Geh:3:    layout_gehenna_lava_caves
Geh:4:    layout_gehenna_lava_caves
Geh:5:    layout_gehenna_pools_box, lemuel_hellish_altar
Geh:6:    layout_gehenna_pools_basic, evilmike_ambush
          [evilmike_ambush_outer_corners, evilmike_ambush_inner_basic]
Geh:7:    geh_mu
Coc:1:    layout_ice_bergs
Coc:2:    layout_ice_bergs
Coc:3:    layout_cocytus_water_paths
Coc:4:    layout_ice_bergs
Coc:5:    layout_cocytus_water_paths
Coc:6:    layout_ice_bergs
Coc:7:    coc_dpeg
Tar:1:    layout_honeycomb
Tar:2:    layout_honeycomb, nicolae_tar_cuneiform_sun, nicolae_tar_stay_or_leave
Tar:3:    layout_honeycomb
Tar:4:    layout_cathedral_of_symmetry, nicolae_tar_windowcombs
Tar:5:    layout_grid_maze
Tar:6:    layout_honeycomb, nicolae_tar_cuneiform_water
Tar:7:    tar_old
Zot:1:    regret_index_all_hallows'_manor, layout_gridlike, st_stairs_8
Zot:2:    hellmonk_paralyzer, layout_twisted_circle, hangedman_zot_wheel_spokes
Zot:3:    layout_twisted_circle, hangedman_elemental_corridor
Zot:4:    layout_twisted_circle
Zot:5:    layout_misc_corridors, regret_index_zotdec_onion_hex

Skill      XL: |  1  2  3  4  5  6  7  8  9 10 11 12 13 14 15 16 17 18 19 20 21 22 23 24 25 26 27 |
---------------+----------------------------------------------------------------------------------+-----
Earth Magic    | 4 5 6 7 9 10 11 12 16 21 24 | 24.0
Spellcasting   | 3 4 5 6 7 9 10 12 14 15 16 17 18 21 23 24 | 24.0
Conjurations   | 2 4 6 8 |  8.1
Ice Magic      | 2 4 5 6 7 9 11 14 16 18 19 20 21 24 | 24.0
Fighting       | 1 2 7 10 14 25 | 25.0
Shields        | 5 10 22 | 22.0
Armour         | 6 7 19 | 19.3
Dodging        | 4 21 | 21.0
Necromancy     | 7 24 | 24.0
Staves         | 2 12 | 12.1
Evocations     | 14 | 14.6
Summonings     | 11 | 11.3
Hexes          | 10 | 10.3
Throwing       | 14 | 14.0
Stealth        | 15 | 15.0

Action                     |  1- 3 |  4- 6 |  7- 9 | 10-12 | 13-15 | 16-18 | 19-21 | 22-24 | 25-27 || total
---------------------------+-------+-------+-------+-------+-------+-------+-------+-------+-------++-------
  Melee: Dagger            |    27 |     9 |       |       |       |       |       |       |       ||    36
         Staff             |       |       |     3 |     9 |    25 |     5 |    45 |    84 |  1441 ||  1612
   Cast: Sandblast         |    36 |    89 |    93 |   224 |    71 |     4 |       |       |       ||   517
         Stone Arrow       |       |     2 |    35 |   164 |   185 |     4 |     2 |       |       ||   392
         Freezing Cloud    |       |       |       |     6 |    40 |     1 |       |       |       ||    47
         Ozocubu's Refrige |       |       |       |       |   171 |   444 |   143 |       |     6 ||   764
         Lee's Rapid Decon |       |       |       |       |     8 |       |       |       |       ||     8
         Polar Vortex      |       |       |       |       |       |     1 |    44 |    60 |   655 ||   760
         Shatter           |       |       |       |       |       |       |   101 |   209 |  1219 ||  1529
         Lehudib's Crystal |       |       |       |       |       |       |       |       |   130 ||   130
         Death's Door      |       |       |       |       |       |       |       |       |    15 ||    15
         Spellforged Servi |       |       |       |       |       |       |       |       |     7 ||     7
         Enfeeble          |       |       |       |       |       |       |       |       |     5 ||     5
Ability: Evoke Invisibilit |       |       |       |       |       |       |       |       |     1 ||     1
  Evoke: Wand              |       |       |       |     1 |       |       |       |       |     6 ||     7
    Use: Scroll            |       |    12 |       |    11 |     5 |     4 |       |     1 |    18 ||    51
         Potion            |       |       |       |       |     7 |     2 |       |       |    37 ||    46
   Stab: Sleeping          |     1 |       |       |       |       |       |       |       |     1 ||     2
         Distracted        |       |       |       |       |       |       |       |       |     3 ||     3
         Invisible         |       |       |       |       |       |       |       |       |     1 ||     1
 Armour: Robe              |    18 |    36 |    69 |    97 |       |       |       |       |   903 ||  1123
         Troll leather arm |       |       |       |   131 |   175 |   147 |   155 |   224 |  1347 ||  2179
  Dodge: Dodged            |    15 |    41 |    47 |   130 |    83 |    92 |   102 |    82 |  1091 ||  1683
  Block: Buckler           |       |       |       |    45 |    48 |    20 |    34 |    38 |   244 ||   429
         Kite shield       |       |       |       |       |       |       |       |       |  1102 ||  1102
         Reflection        |       |       |       |       |       |       |       |       |    78 ||    78
